 Dungeon Crawl Stone Soup version 0.31-a0-978-g1e143483b6 (webtiles) character file.

Game seed: 7292049578937251082

1060 ytrimaz the Changeling (level 8, -2/48 HPs)
             Began as an Octopode Shapeshifter on Oct 30, 2023.
             Killed by divine providence
             ... invoked by an orc priest
              (14 damage)
             ... on level 6 of the Dungeon.
             The game lasted 00:04:55 (4304 turns).

ytrimaz the Changeling (Octopode Shapeshifter)      Turns: 4304, Time: 00:04:55

Health: -2/48      AC:  5    Str: 14    XL:     8   Next: 27%
Magic:  8/8        EV: 14    Int: 12    God:
Gold:   237        SH:  0    Dex: 13    Spells: 7/7 levels left

rFire   . .          .
                       - Unarmed
rCold   . . .        (no shield)
rNeg    . . .        (helmet currently unavailable)
rPois   .            (no amulet)
rElec   .            s - +4 ring of protection
rCorr   .            k - ring of flight
SInv    .            (no ring)
Will    .....        (no ring)
Stlth   ++++         (no ring)
HPRegen 0.28/turn    (no ring)
MPRegen 0.11/turn    (no ring)
                     (no ring)

%: no passive effects
@: beast-form, flying
A: beast (slay +3), almost no armour, amphibious, 8 rings, camouflage 1,
gelatinous body 1, (nimble swimmer 1), tentacles
a: Begin Untransformation


You were on level 6 of the Dungeon.
You were a hulking beast.
You visited 1 branch of the dungeon, and saw 6 of its levels.

You collected 261 gold pieces.
You spent 24 gold pieces at shops.


Innate Abilities, Weirdness & Mutations

You are a hulking beast.
Your limbs bulge with bestial killing power. (Slay +3)
You cannot wear most types of armour.
You are amphibious.
You can wear up to eight rings at the same time.
Your skin changes colour to match your surroundings (Stealth+).
Your rubbery body absorbs attacks. (AC +1, EV +1)
((You are camouflaged when in or above water. (Stealth+)))
You have tentacles for arms and can constrict up to eight enemies at once.


   Skills:
 - Level 1.0 Fighting
 + Level 4.5 Dodging
 + Level 5.7 Stealth
 + Level 5.1 Unarmed Combat
 * Level 6.2 Shapeshifting


You had 7 spell levels left.
You didn't know any spells.
Your spell library contained the following spells:

 Spells                   Type           Power      Damage    Failure   Level
 Apportation              Tloc           0%         N/A       32%         1
 Necrotise                Necr           0%         1d4       32%         1
 Sandblast                Erth           0%         2d4       32%         1
 Summon Small Mammal      Summ           0%         N/A       32%         1
 Ensorcelled Hibernation  Hex/Ice        0%         N/A       45%         2
 Passwall                 Tmut/Erth      0%         N/A       45%         2
 Call Canine Familiar     Summ           0%         N/A       69%         3
 Stone Arrow              Conj/Erth      0%         3d7       69%         3
 Summon Guardian Golem    Hex/Summ       0%         N/A       69%         3
 Swiftness                Air            0%         N/A       69%         3
 Brom's Barrelling Bould  Conj/Erth      0%         2d3       97%         4

Inventory:

Jewellery
 k - a ring of flight (right tentacle)
   (You took it off a kobold on level 2 of the Dungeon)
 s - a +4 ring of protection (left tentacle)
   (You found it on level 3 of the Dungeon)
Talismans
 b - a beast talisman
 c - a flux talisman
 u - a blade talisman
   (You found it on level 3 of the Dungeon)
Wands
 y - a wand of acid (8) (quivered)
   (You found it on level 4 of the Dungeon)
Scrolls
 d - a scroll of poison
 i - a scroll of enchant weapon {unknown}
 l - 5 scrolls of immolation
 m - a scroll of torment {unknown}
 p - a scroll of acquirement {unknown}
 r - a scroll of silence {unknown}
 t - a scroll of blinking {unknown}
 v - 2 scrolls of vulnerability {unknown}
 z - a scroll of noise {unknown}
Potions
 e - 2 potions of heal wounds
 f - 2 potions of curing
 g - 3 potions of haste
 h - a potion of invisibility
 j - a potion of berserk rage {unknown}
 n - 3 potions of enlightenment
 o - 3 potions of mutation {unknown}
 q - 2 potions of might
 w - 3 potions of degeneration {unknown}
 x - a potion of lignification

Dungeon Overview and Level Annotations

Branches:
Dungeon (6/15) Zot: 26894
 Temple: D:4-7

Altars:
Uskayaw

Shops:
D:1 [[* D:5

* ... ...... ...
##.... <.. ####. #.#
######### ## ...
#.......# ## #.#
#...^...# #. #)#
#.......# #.
####o####....(..# #.
#..h.).?#.......###.
#.##)##.#...........
#.##.##.#.......##..
#.#..##.###....##..#
#.#.###.##.....##...
#.#.#...............
#.......##......[...
###......#..†...#.#.
#.#.##.#..##..#.#.


You could see an orc priest.


Message History

The ufetubus barely misses you. The ufetubus hits you. 😕 HP[-2]
You take 2 damage, and now have 37/48 hp.
You closely miss the scorpion. You grab the scorpion.
You squeeze the scorpion, but do no damage.
You constrict the scorpion.
The ufetubus hits you but does no damage.
The ufetubus closely misses you.
The scorpion stings you but does no damage.
The ufetubus barely misses you. The ufetubus hits you. 😮 HP[-2]
You take 2 damage, and now have 35/48 hp.
You tentacle-slap the scorpion. You constrict the scorpion.
The scorpion stings you.
You are poisoned.
The scorpion poisons you!
The ufetubus hits you but does no damage.
The ufetubus barely misses you. 😮 HP[-2]
You take 2 damage, and now have 33/48 hp.
You tentacle-slap the scorpion but do no damage.
You constrict the scorpion.
You feel very sick. The ufetubus closely misses you.
The ufetubus completely misses you.
The scorpion stings you but does no damage. 😮 HP[-3]
You take 3 damage, and now have 30/48 hp.
You are too injured to fight recklessly!
You tentacle-slap the scorpion but do no damage.
You squeeze the scorpion. You constrict the scorpion.
You feel sick.
The ufetubus hits you but does no damage.
The ufetubus closely misses you. The scorpion stings you.
You are more poisoned.
The scorpion poisons you! The ufetubus completely misses you.
The ufetubus closely misses you. 😮 HP[-4]
You take 4 damage, and now have 26/48 hp.
You bludgeon the ufetubus!
You kill the ufetubus!
You constrict the scorpion.
You feel very sick.
The scorpion stings you but does no damage. 😨 HP[-3]
You take 3 damage, and now have 23/48 hp.
You bludgeon the scorpion!
You kill the scorpion!
You feel sick. 😨 HP[-2]
You take 2 damage, and now have 21/48 hp.
You are too injured to fight recklessly!
You closely miss the orc. You grab the orc. You constrict the orc.
You feel very sick. The orc barely misses you. 😨 HP[-3]
You take 3 damage, and now have 18/48 hp.
You tentacle-slap the orc.
You kill the orc!
You feel sick.
An orc comes into view. It is wielding a +0 dagger. 😨 HP[-2]
You take 2 damage, and now have 16/48 hp.
You feel sick.
Items here: )) [ ††.
Unknown command.
You are too injured to fight recklessly!
You feel sick. 😨 HP[-1]
You take 1 damage, and now have 15/48 hp.
You feel sick.
An orc priest comes into view. It is wielding a +0 hand axe. 😨 HP[-1]
You take 1 damage, and now have 14/48 hp.
You are too injured to fight recklessly!
The orc shouts!
The orc priest shouts!
You tentacle-slap the orc. Your grab misses the orc.
You feel sick. The orc hits you with a +0 dagger.
* * * LOW HITPOINT WARNING * * *
😱 HP[-2]
You take 2 damage, and now have 12/48 hp.
You tentacle-slap the orc.
You kill the orc!
You feel sick.
You are too injured to fight recklessly!
You feel sick. 😱 HP[-1]
You take 1 damage, and now have 11/48 hp.
You feel sick.
You are no longer poisoned. 😱 HP[-1]
You take 1 damage, and now have 10/48 hp.
You start resting.
An orc priest is nearby! 😱 HP[+1]
An orc comes into view. It is wielding a +0 heavy hand axe.
The orc priest misses you.
The orc moves out of view.
You closely miss the orc priest. You grab the orc priest.
You constrict the orc priest.
The orc priest calls down the wrath of Beogh upon you.
Beogh smites you!
You die...

Skill      XL: |  1  2  3  4  5  6  7  8 |
---------------+-------------------------+-----
Stealth        | 1 2 3 4 5 |  5.7
Shapeshifting  | 4 5 6 |  6.2
Dodging        | 3 4 |  4.5
Unarmed Combat | 4 5 |  5.1
Fighting       | |  1.0

Action                     |  1- 3 |  4- 6 |  7- 9 || total
---------------------------+-------+-------+-------++-------
  Melee: Unarmed           |    80 |   112 |    93 ||   285
         Constrict         |    22 |    20 |    25 ||    67
         Tentacles         |    22 |    20 |    14 ||    56
         Punch             |     4 |     1 |     3 ||     8
  Evoke: Wand              |       |     3 |       ||     3
    Use: Scroll            |     6 |     1 |     1 ||     8
         Potion            |       |     1 |       ||     1
   Stab: Sleeping          |     6 |     9 |     7 ||    22
 Armour: Skin              |    30 |    68 |    66 ||   164
  Dodge: Dodged            |    49 |    50 |    57 ||   156

Levels and vault maps discovered:
D:1:      minmay_arrival_semitransparent, layout_basic, serial_shops, shop,
          nicolae_shop_behind_doors, nicolae_shop_tiny_statue_garden
D:2:      layout_basic
D:3:      minmay_razor_zed, layout_rooms, minmay_misc_feat_roman
D:4:      layout_cave_pods, cheibrodos_gnoll_hut
D:5:      layout_basic, mainiacjoe_overflow_boulevard, nicolae_shop_gadgets
D:6:      layout_loops_cross, temple_statues, serial_shops, shop,
          kennysheep_generic_room_13

Notes
Turn   | Place    | Note
-------+----------+-------------------------------------------
     0 | D:1      | ytrimaz the Octopode Shapeshifter began the quest for the
                  | Orb.
     0 | D:1      | Reached XP level 1. HP: 13/13 MP: 1/1
     0 | D:1      | magus.rc [v1.9.6]
   235 | D:1      | Reached XP level 2. HP: 14/18 MP: 2/2
   239 | D:1      | Reached skill level 1 in Stealth
   258 | D:1      | Found Faab's General Store.
   291 | D:1      | Bought a scroll of identify for 24 gold pieces
   320 | D:1      | Found Peeg Ahil's Armour Shoppe.
   337 | D:1      | Found Orioddan's Armour Boutique.
   342 | D:1      | You pick up a book of Cantrips and begin reading...
   342 | D:1      | You add the spells Necrotise, Summon Small Mammal and
                  | Apportation to your library.
   560 | D:2      | Reached XP level 3. HP: 16/23 MP: 3/3
   742 | D:2      | You pick up a book of Burglary and begin reading...
   742 | D:2      | You add the spells Passwall, Ensorcelled Hibernation and
                  | Swiftness to your library.
  1093 | D:2      | HP: 2/23 [worm (11)]
  1295 | D:3      | Reached skill level 2 in Stealth
  1364 | D:3      | Reached XP level 4. HP: 28/28 MP: 4/4
  1432 | D:3      | Identified the +7 war axe "Mocuar" {protect, rC- Dex+3
                  | Stlth+}
  1682 | D:3      | Reached skill level 4 in Shapeshifting
  1829 | D:3      | Reached XP level 5. HP: 33/33 MP: 5/5
  2041 | D:4      | Reached skill level 3 in Dodging
  2041 | D:4      | Reached skill level 3 in Stealth
  2077 | D:4      | You pick up a book of Geomancy and begin reading...
  2077 | D:4      | You add the spells Sandblast, Stone Arrow and Brom's
                  | Barrelling Boulder to your library.
  2235 | D:4      | Noticed a water moccasin
  2258 | D:4      | Killed a water moccasin
  2259 | D:4      | Reached skill level 4 in Unarmed Combat
  2259 | D:4      | Reached XP level 6. HP: 16/38 MP: 6/6
  2259 | D:4      | HP: 14/57 [poisoned by a water moccasin]
  2264 | D:4      | HP: 11/57 [poisoned by a water moccasin]
  2430 | D:4      | Reached skill level 4 in Stealth
  2430 | D:4      | Reached skill level 5 in Shapeshifting
  2750 | D:4      | Reached XP level 7. HP: 39/43 MP: 7/7
  3228 | D:5      | Entered Level 5 of the Dungeon
  3509 | D:5      | Reached skill level 4 in Dodging
  3536 | D:5      | Found a hide-covered altar of Uskayaw.
  3615 | D:5      | Reached skill level 5 in Stealth
  3700 | D:5      | You pick up a book of Callings and begin reading...
  3700 | D:5      | You add the spells Call Canine Familiar and Summon Guardian
                  | Golem to your library.
  3893 | D:5      | Reached XP level 8. HP: 48/48 MP: 8/8
  3957 | D:5      | Found Awoh's Gadget Gallery.
  4238 | D:6      | Reached skill level 5 in Unarmed Combat
  4238 | D:6      | Reached skill level 6 in Shapeshifting
  4296 | D:6      | HP: 12/48 [orc/+0 dagger (1)]
  4304 | D:6      | Killed from afar by an orc priest

Vanquished Creatures
  A water moccasin (D:4)
  2 ogres
  A bullfrog (D:6)
  3 scorpions
  6 hounds
  An iguana (D:3)
  3 orc wizards
  A sleepcap (D:6)
  A gnoll (D:4)
  7 adders
  4 ufetubi
  2 worms
  A dart slug (D:2)
  23 orcs
  4 ball pythons
  9 endoplasms
  6 goblins
  13 hobgoblins
  7 jackals (D:1)
  4 kobolds
  9 quokkas
  5 bats
  3 frilled lizards
  6 rats
122 creatures vanquished.

Table legend:
 A = Non-vault XP
 B = Vault XP
 C = Vault XP percentage of total XP
 D = Non-vault monster count
 E = Vault monster count
 F = Vault count percentage of total count
                 A         B        C        D         E       F
            +---------+---------+-------+---------+---------+-------
      Total |    1389 |     126 |   8.3 |     103 |      19 |  15.6
            +---------+---------+-------+---------+---------+-------
        D:1 |      25 |       0 |   0.0 |      13 |       0 |   0.0
        D:2 |      42 |       0 |   0.0 |      20 |       0 |   0.0
        D:3 |     101 |      31 |  23.5 |      21 |      16 |  43.2
        D:4 |     486 |      95 |  16.4 |      21 |       3 |  12.5
        D:5 |     465 |       0 |   0.0 |      18 |       0 |   0.0
        D:6 |     270 |       0 |   0.0 |      10 |       0 |   0.0
            +---------+---------+-------+---------+---------+-------

Skill      XL: |  1  2  3  4  5  6  7  8 |
---------------+-------------------------+-----
Stealth        | 1 2 3 4 5 |  5.7
Shapeshifting  | 4 5 6 |  6.2
Dodging        | 3 4 |  4.5
Unarmed Combat | 4 5 |  5.1
Fighting       | |  1.0

Action                     |  1- 3 |  4- 6 |  7- 9 || total
---------------------------+-------+-------+-------++-------
  Melee: Unarmed           |    80 |   112 |    93 ||   285
         Constrict         |    22 |    20 |    25 ||    67
         Tentacles         |    22 |    20 |    14 ||    56
         Punch             |     4 |     1 |     3 ||     8
  Evoke: Wand              |       |     3 |       ||     3
    Use: Scroll            |     6 |     1 |     1 ||     8
         Potion            |       |     1 |       ||     1
   Stab: Sleeping          |     6 |     9 |     7 ||    22
 Armour: Skin              |    30 |    68 |    66 ||   164
  Dodge: Dodged            |    49 |    50 |    57 ||   156

Illustrated notes

Table legend:
 A = Kills in this place as a percentage of kills in the entire game.
 B = Kills by you in this place as a percentage of kills by you in the entire game.
 C = Kills by friends in this place as a percentage of kills by friends in the entire game.
 D = Other kills in this place as a percentage of other kills in the entire game.
 E = Experience gained in this place as a percentage of experience gained in the entire game.
 F = Experience gained in this place divided by the number of levels of this place that you have seen.
                   A       B       C       D       E      F
               +-------+-------+-------+-------+-------+----------------------
         Total | 100.0 | 100.0 |   N/A |   N/A | 100.0 | 252.5
       Dungeon | 100.0 | 100.0 |   N/A |   N/A | 100.0 | 252.5
               +-------+-------+-------+-------+-------+----------------------

Table legend: (Time is in decaauts)
 A = Elapsed time spent in this place.
 B = Non-inter-level travel time spent in this place.
 C = Inter-level travel time spent in this place.
 D = Time resting spent in this place.
 E = Time spent auto-exploring this place.
 F = Levels seen in this place.
 G = Mean time per level.
                   A        B        C        D        E       F      G
               +--------+--------+--------+--------+--------+-----+--------+
         Total |   4282 |   4147 |    135 |     33 |   3334 |   6 |  713.7 |
       Dungeon |   4282 |   4147 |    135 |     33 |   3334 |   6 |  713.7 |
               +--------+--------+--------+--------+--------+-----+--------+

Top non-repeatable levels by time:
     D:4: 1195 daAuts
     D:5: 963 daAuts
     D:2: 814 daAuts
     D:3: 776 daAuts
     D:1: 427 daAuts
     D:6: 105 daAuts
